 Dungeon Crawl Stone Soup version 0.29-a0-322-g68df515428 (webtiles) character file.

Game seed: 7414324514860393030

852 kae the Firebug (level 8, -9/46 HPs)
             Began as a Tengu Fire Elementalist on Apr 5, 2022.
             Killed by divine providence
             ... invoked by an orc priest
              (13 damage)
             ... on level 5 of the Dungeon.
             The game lasted 00:03:13 (6257 turns).

kae the Firebug (Tengu Fire Elementalist)           Turns: 6257, Time: 00:03:13

Health: -9/46      AC:  3    Str:  8    XL:     8   Next: 1%
Magic:  8/14       EV: 15    Int: 18    God:
Gold:   214        SH:  3    Dex: 15    Spells: 7/13 levels left

rFire   . . .      SeeInvis .   e - +3 whip (venom)
rCold   . . .      Faith    .   m - +0 buckler
rNeg    . . .      Spirit   .   a - +1 robe
rPois   .          Reflect  .   (helmet restricted)
rElec   .          Harm     .   (no cloak)
rCorr   .          Rampage  .   (no gloves)
Will    .....                   (boots unavailable)
Stlth   ++........              (no amulet)
HPRegen 0.15/turn               (no ring)
MPRegen 0.14/turn               (no ring)

@: flying quickly and evasively, quick
A: beak, talons 3, nimble flight
a: no special abilities


You were on level 5 of the Dungeon.
You visited 1 branch of the dungeon, and saw 5 of its levels.

You collected 214 gold pieces.

Inventory:

Hand Weapons
 b - a +0 dagger of speed
 e - a +3 whip of venom (weapon)
 f - a +0 dagger
Armour
 a - a +1 robe (worn)
 m - a +0 buckler (worn)
Scrolls
 c - 2 scrolls of magic mapping
 d - 3 scrolls of identify
 h - 2 scrolls of summoning
 i - a scroll of teleportation
 n - a scroll of fog
Potions
 g - 2 potions of magic
 j - a potion of degeneration
 k - 3 potions of mutation
 l - 2 potions of curing


   Skills:
 + Level 3.1 Fighting
 + Level 3.4 Armour
 + Level 4.1 Dodging
 - Level 2.0 Stealth
 + Level 3.4 Spellcasting
 + Level 4.2 Conjurations
 * Level 6.0 Fire Magic


You had 7 spell levels left.
You knew the following spells:

 Your Spells              Type           Power      Damage    Failure   Level
a - Foxfire               Conj/Fire      84%        2x1d8     2%          1
b - Scorch                Fire           50%        2d7       2%          2
c - Conjure Flame         Conj/Fire      21%        6-21      8%          3

Your spell library contained the following spells:

 Spells                   Type           Power      Damage    Failure   Level
 Inner Flame              Hex/Fire       14%        N/A       19%         3
 Beastly Appendage        Tmut           6%         N/A       22%         1
 Sting                    Tmut/Pois      12%        1d3       22%         1
 Flame Wave               Conj/Fire      21%        2d7       26%         4
 Ignite Poison            Fire/Tmut/Pois 10%        N/A       28%         3
 Blink                    Tloc           6%         N/A       32%         2
 Corpse Rot               Necr/Air       6%         N/A       32%         2
 Poisonous Vapours        Pois/Air       6%         N/A       32%         2
 Wereblood                Tmut           3%         N/A       32%         2
 Mephitic Cloud           Conj/Pois/Air  8%         N/A       34%         3
 Spider Form              Tmut/Pois      3%         N/A       54%         3
 Passage of Golubria      Tloc           3%         N/A       91%         4
 Freezing Cloud           Conj/Ice/Air   4%         6-21      97%         5
 Manifold Assault         Tloc           3%         N/A       99%         5
 Silence                  Hex/Air        1%         N/A       99%         5
 Storm Form               Tmut/Air       1%         N/A       100%        7
 Lehudib's Crystal Spear  Conj/Erth      5%         10d3      100%        8


Dungeon Overview and Level Annotations

Branches:
Dungeon (5/15)
 Temple: D:4-7

Altars:
Qazlal
Wu Jian

Shops:
D:4 :


Innate Abilities, Weirdness & Mutations

You have a beak for a mouth.
You have claws for feet.
Your magical nature lets you fly swiftly and evasively.


Message History

The magic dart hits you!
Casting: Foxfire (safe; 2% risk of failure)
Confirm with . or Enter, or press ? or * to list all spells.
You conjure some foxfire!
The orc wizard gestures wildly while chanting.
The orc wizard flickers and vanishes!
Deactivating autopickup; reactivate with Ctrl-A.
The foxfire hits something!
The foxfire hits something.
Casting: Foxfire (safe; 2% risk of failure)
Confirm with . or Enter, or press ? or * to list all spells.
You conjure some foxfire!
The foxfire hits the black bear.
The black bear is lightly wounded.
The foxfire hits the black bear.
The black bear is moderately wounded.
Casting: Foxfire (safe; 2% risk of failure)
Confirm with . or Enter, or press ? or * to list all spells.
You miscast Foxfire.
You are very lightly contaminated with residual magic.
Nothing appears to happen.
Casting: Foxfire (safe; 2% risk of failure)
Confirm with . or Enter, or press ? or * to list all spells.
You conjure some foxfire!
The orc priest mumbles some strange prayers to Beogh against you.
Pain shoots through your body!
The foxfire hits the black bear but does no damage.
The black bear is moderately wounded.
The foxfire hits the black bear.
The black bear is moderately wounded.
The orc priest calls down the wrath of Beogh upon you.
Beogh smites you!
* * * LOW HITPOINT WARNING * * *
The black bear bites you.
* * * LOW HITPOINT WARNING * * *
The black bear closely misses you. The black bear completely misses you.
The orc priest miscasts a cantrip.
Your magical contamination has completely faded away.
The orc priest mumbles some strange prayers to Beogh against you.
Beogh smites you!
You die...

#.##.# #.##.#
.#####.##.######## ###
.)........†....... ..
).o....##.######## .#
#########o##############.###
#..h...............#
########....######....#
.......'...@..........#
########....#####.....#
######## #......# #..#..#
.......# ####...# #..#..####
.......#### #...###........#
..........# #####....#..##.#
.......##.## #.####[..#
.......#...# #.####...#.#
.......#...#
######..........#


You could see a black bear and an orc priest.

Vanquished Creatures
  A black bear (D:5)
  2 ogres
  A centaur (D:3)
  Blork the orc (D:4)
  A phantom (D:4)
  2 orc priests
  2 iguanas
  An orc wizard (D:3)
  5 gnolls
  8 adders
  2 ufetubi (D:4)
  A worm (D:3)
  A dart slug (D:1)
  13 orcs
  8 ball pythons
  3 bats (D:1)
  9 endoplasms
  3 giant cockroaches
  10 hobgoblins
  5 jackals
  11 kobolds
  2 quokkas (D:1)
  A frilled lizard (D:3)
  7 goblins
  6 rats
106 creatures vanquished.

Vanquished Creatures (collateral kills)
  A foxfire (D:1)
1 creature vanquished.

Vanquished Creatures (others)
  148 foxfires
  2 fungi (D:1)
  4 plants (D:1)
154 creatures vanquished.

Grand Total: 261 creatures vanquished

Notes
Turn   | Place    | Note
-------+----------+-------------------------------------------
     0 | D:1      | kae the Tengu Fire Elementalist began the quest for the
                  | Orb.
     0 | D:1      | Reached XP level 1. HP: 10/10 MP: 4/4
    95 | D:1      | Reached XP level 2. HP: 15/15 MP: 0/6
   169 | D:1      | Learned a level 2 spell: Scorch
   380 | D:1      | Reached XP level 3. HP: 20/20 MP: 2/7
   396 | D:1      | Reached skill level 1 in Armour
   692 | D:1      | Found a faded altar of an unknown god.
   700 | D:1      | Got Plato's Compendium of Venom
  1107 | D:1      | Reached skill level 1 in Fighting
  1714 | D:2      | Reached skill level 4 in Fire Magic
  1716 | D:2      | Reached XP level 4. HP: 25/25 MP: 3/8
  2083 | D:2      | Learned a level 3 spell: Conjure Flame
  2821 | D:3      | Gained mutation: Your magical nature lets you fly swiftly
                  | and evasively. [Tengu growth]
  2821 | D:3      | Reached XP level 5. HP: 29/29 MP: 0/9
  2968 | D:3      | Noticed a centaur
  2979 | D:3      | Killed a centaur
  3178 | D:3      | Reached XP level 6. HP: 35/35 MP: 8/11
  4111 | D:4      | Found Fiemief's Self-Improvement Boutique.
  4149 | D:4      | Noticed Blork the orc
  4164 | D:4      | Killed Blork the orc
  4165 | D:4      | Reached skill level 5 in Fire Magic
  4468 | D:4      | Reached XP level 7. HP: 40/40 MP: 7/12
  4514 | D:4      | Found an ornate altar of the Wu Jian Council.
  5649 | D:4      | Found a stormy altar of Qazlal.
  5933 | D:5      | Entered Level 5 of the Dungeon
  6105 | D:5      | Reached skill level 6 in Fire Magic
  6236 | D:5      | Reached XP level 8. HP: 46/46 MP: 11/14
  6246 | D:5      | HP: 2/46 [black bear (6)]
  6257 | D:5      | Killed from afar by an orc priest

Illustrated notes

Levels and vault maps discovered:
D:1:      dpeg_arrival_lava_altar, layout_rooms,
          shapermc_ecumenical_altar_rom_forum, minmay_door_square,
          nicolae_grassy_gnolls
D:2:      layout_basic
D:3:      minmay_inner_zag, layout_loops_ring
D:4:      layout_basic, nicolae_qazlal_eye_of_the_storm,
          mainiacjoe_overflow_brackets, corexii_leaking_fountain,
          nicolae_shop_self_help, uniq_blork_the_orc
D:5:      layout_basic

Skill      XL: |  1  2  3  4  5  6  7 |
---------------+----------------------+-----
Armour         | 1 2 3 |  3.4
Conjurations   | 2 3 4 |  4.2
Fighting       | 1 2 3 |  3.1
Fire Magic     | 4 5 6 |  6.0
Dodging        | 3 4 |  4.1
Spellcasting   | 3 |  3.4
Stealth        | |  2.0

Action                   |  1- 3 |  4- 6 |  7- 9 || total
-------------------------+-------+-------+-------++-------
Melee: Unarmed           |     2 |       |       ||     2
       Peck              |     4 |    10 |       ||    14
       Dagger            |    27 |       |       ||    27
       Kick              |     7 |    18 |     2 ||    27
       Punch             |     1 |       |       ||     1
       Whip              |       |    55 |     9 ||    64
 Cast: Foxfire           |    42 |    40 |    19 ||   101
       Scorch            |    16 |    23 |    26 ||    65
       Conjure Flame     |       |       |     2 ||     2
  Use: Scroll            |     5 |     2 |     4 ||    11
       Potion            |     1 |     1 |       ||     2
 Stab: Sleeping          |       |     1 |       ||     1
Armor: Robe              |     5 |    11 |     4 ||    20
Dodge: Dodged            |    41 |    62 |    31 ||   134
Block: Buckler           |       |     5 |     4 ||     9

Table legend: (Time is in decaauts)
 A = Elapsed time spent in this place.
 B = Non-inter-level travel time spent in this place.
 C = Inter-level travel time spent in this place.
 D = Time resting spent in this place.
 E = Time spent auto-exploring this place.
 F = Levels seen in this place.
 G = Mean time per level.
                   A        B        C        D        E       F      G
               +--------+--------+--------+--------+--------+-----+--------+
         Total |   6120 |   6007 |    113 |    399 |   4809 |   5 | 1224.0 |
       Dungeon |   6120 |   6007 |    113 |    399 |   4809 |   5 | 1224.0 |
               +--------+--------+--------+--------+--------+-----+--------+

Top non-repeatable levels by time:
     D:3: 1655 daAuts
     D:4: 1594 daAuts
     D:2: 1284 daAuts
     D:1: 1274 daAuts
     D:5: 311 daAuts
